 Dungeon Crawl Stone Soup version 0.31-a0-833-gc15d34cb79 (webtiles) character file.

Game seed: 9160503188367821382

163 mcwallace the Chiller (level 5, -4/30 HPs)
             Began as a Vampire Ice Elementalist on Sept 26, 2023.
             Slain by Pikel
             ... wielding a +1 whip of electrocution
              (13 damage)
             ... on level 4 of the Dungeon.
             The game lasted 00:06:08 (2907 turns).

mcwallace the Chiller (Vampire Ice Elementalist)    Turns: 2907, Time: 00:06:09

Health: -4/30      AC:  2    Str:  7    XL:     5   Next: 20%
Magic:  6/9        EV: 13    Int: 26    God:
Gold:   186        SH:  0    Dex: 14    Spells: 2/9 levels left

rFire   . . .        s - +4 dagger (venom) {short}
rCold   + + .        (no shield)
rNeg    + + +        a - +0 robe
rPois   ∞            (no helmet)
rElec   .            (no cloak)
rCorr   .            (no gloves)
SInv    +            (no boots)
Will    +....        (no amulet)
Stlth   +++++        r - +6 ring of intelligence
HPRegen 0.00/turn    y - ring of willpower
MPRegen 0.11/turn

%: no passive effects
@: freezing walls, bloodless, inhibited regen
A: bloodless, fangs 3, see invisible, vampiric 2
a: Bat Form, Revivify


You were on level 4 of the Dungeon.
You visited 1 branch of the dungeon, and saw 4 of its levels.

You collected 186 gold pieces.


Innate Abilities, Weirdness & Mutations

You do not regenerate when monsters are visible.
You are frail without blood (-20% HP).
You can heal yourself when you bite living creatures.
You are immune to poison.
You have razor-sharp teeth.
You have supernaturally acute eyesight. (SInv)
You are afflicted with vampirism and can become a bat while bloodless.


   Skills:
 + Level 1.8 Fighting
 + Level 3.4 Dodging
 + Level 4.2 Stealth
 + Level 2.8 Spellcasting
 + Level 4.6 Ice Magic


You had 2 spell levels left.
You knew the following spells:

 Your Spells              Type           Power      Damage    Failure   Level
a - Freeze                Ice            100%       1d10      1%          1
b - Frozen Ramparts       Ice            54%        1d9       4%          3
c - Ozocubu's Armour      Ice            27%        N/A       4%          3

Your spell library contained the following spells:

 Spells                   Type           Power      Damage    Failure   Level
 Sting                    Tmut/Pois      12%        1d3       10%         1
 Poisonous Vapours        Pois/Air       6%         N/A       14%         2
 Summon Ice Beast         Ice/Summ       15%        N/A       36%         4
 Olgreb's Toxic Radiance  Pois           3%         N/A       67%         4

Inventory:

Hand Weapons
 e - a +0 dagger {short}
   (You took it off a kobold on level 1 of the Dungeon)
 s - a +4 dagger of venom (weapon) {short}
   (You took it off a kobold on level 2 of the Dungeon)
Missiles
 h - 24 stones {throwing}
 m - 7 poisoned darts {throwing}
Armour
 a - a +0 robe (worn)
 g - a +0 ring mail
   (You found it on level 1 of the Dungeon)
 l - a +0 scale mail
   (You found it on level 1 of the Dungeon)
 p - a +0 scale mail
   (You found it on level 2 of the Dungeon)
 t - a +0 leather armour
   (You took it off an orc on level 3 of the Dungeon)
 u - a +0 leather armour
   (You took it off an orc on level 3 of the Dungeon)
 w - a +0 leather armour
   (You took it off an orc priest on level 3 of the Dungeon)
 x - a +0 leather armour
   (You took it off an orc on level 3 of the Dungeon)
 A - a +0 leather armour
   (You found it on level 3 of the Dungeon)
Jewellery
 r - a +6 ring of intelligence (left hand)
   (You found it on level 2 of the Dungeon)
 y - a ring of willpower (right hand)
   (You found it on level 3 of the Dungeon)
Scrolls
 d - 3 scrolls of identify {unknown}
 f - 2 scrolls of silence {unknown}
 i - a scroll of fear {unknown}
 k - a scroll of amnesia {unknown}
 n - a scroll of enchant weapon {unknown}
 o - a scroll of fog {unknown}
Potions
 b - 2 potions of magic
 c - 2 potions of curing {unknown}
 j - 2 potions of heal wounds {unknown}
 q - 2 potions of might {unknown}
 v - a potion of haste {unknown}
 z - a potion of ambrosia {unknown}

Dungeon Overview and Level Annotations

Branches:
Dungeon (4/15) Zot: 21094
 Temple: D:4-7

Altars:
Hepliaklqana

Annotations:
D:4 Pikel

### 5.# #5#
#5# #K# #@#
#.#######.#
........#.#
#......<..#
###########


You could see Pikel (extremely poisoned) and 3 lemures.


Message History

No target in view!
Key pressed, stopping explore.
No target in view!
An adder comes into view.
Found a stone staircase leading down.
You hit the adder.
The adder is poisoned.
The adder completely misses you.
You closely miss the adder. The adder closely misses you.
You barely miss the adder. The adder bites you.
The adder barely misses you. 😕 HP[-1]
You take 1 damage, and now have 29/30 hp.
You hit the adder. The adder closely misses you.
You miss the adder. The adder misses you.
You barely miss the adder. The adder closely misses you.
The adder barely misses you.
You closely miss the adder. The adder bites you. 😕 HP[-4]
You take 4 damage, and now have 25/30 hp.
You hit the adder but do no damage.
The adder looks even sicker.
You kill the adder!
No target in view!
No target in view!
No target in view!
y - a ring of willpower (right hand)
You see here an adder corpse.
There is a stone staircase leading down here.
Key pressed, stopping explore.
f - 2 scrolls labelled ZITHYN ENIRA (gained 1) Key pressed, stopping explore.
You now have 182 gold pieces (gained 15).
q - 2 clear potions (gained 1) Key pressed, stopping explore.
A rat comes into view. 😎 HP[+5]
Your hp is fully restored (30).
A rat is nearby!
The helpless rat fails to defend itself.
You bite the rat, and draw its blood! You impale the rat!!
You kill the rat!
No target in view!
No target in view!
Found a stone staircase leading up.
You now have 186 gold pieces (gained 4).
A - a +0 leather armour A goblin comes into view.
It is wielding a +0 dagger.
A goblin is nearby!
A goblin is nearby!
The helpless goblin fails to defend itself.
You bite the goblin, and draw its blood!
You puncture the goblin!
You kill the goblin!
No target in view!
No target in view!
No target in view!
You see here a +0 dagger {short}.
Found a stone staircase leading down.
There is a stone staircase leading down here.
You open the door.
Done exploring.
Done exploring.
Okay, then.
There is a stone staircase leading down here.
You climb downwards.
There is a stone staircase leading up here.
Pikel and 3 lemures come into view.
Pikel is wielding a +1 whip of electrocution.
The helpless lemure fails to defend itself.
You puncture the lemure!
The lemure is poisoned.
The lemure barely misses you.
You hit the lemure.
The lemure looks as sick as possible!
The lemure shouts!
The lemure hits you. 😕 HP[-4]
You take 4 damage, and now have 26/30 hp.
Casting: Frozen Ramparts (dangerous; 4% risk of failure)
Confirm with . or Enter, or press ? or * to list all spells.
Casting: Frozen Ramparts (dangerous; 4% risk of failure)
Press: ? - help, Dir - look around, f - activate The walls around you are covered in ice.
The wall freezes the lemure. x2; The lemure hits you! 😮 HP[-8] MP[-3]
You take 8 damage, and now have 18/30 hp.
MASSIVE DAMAGE!! (PAUSE)
You lost 3 mp, and now have 6/9 mp.
You hit the lemure but do no damage.
The lemure looks as sick as possible!
The wall freezes Pikel but does no damage.
A lemure comes into view.
The wall freezes the lemure but does no damage.
You hit Pikel but do no damage.
Pikel is poisoned.
Your bite misses Pikel.
The wall freezes the lemure. x2
You kill the lemure!
That felt strangely unrewarding.
You hit Pikel.
Pikel looks as sick as possible!
The wall freezes Pikel but does no damage.
Pikel barely misses you.
The wall freezes the lemure but does no damage.
You barely miss Pikel.
The wall freezes Pikel.
Pikel hits you with a +1 whip of electrocution!
* * * LOW HITPOINT WARNING * * *
You are electrocuted!
You die...
Pikel says, "See you in Hell!"

Skill      XL: |  1  2  3  4 |
---------------+-------------+-----
Fighting       | 1 |  1.8
Dodging        | 3 |  3.4
Stealth        | 4 |  4.2
Spellcasting   | |  2.8
Ice Magic      | |  4.6

Action                     |  1- 3 |  4- 6 || total
---------------------------+-------+-------++-------
  Melee: Dagger            |    88 |    83 ||   171
         Bite              |     6 |     5 ||    11
         Punch             |     1 |       ||     1
   Cast: Freeze            |     6 |     1 ||     7
         Frozen Ramparts   |       |     2 ||     2
Ability: Exsanguinate      |     1 |       ||     1
   Stab: Sleeping          |    19 |    14 ||    33
         Distracted        |       |     3 ||     3
 Armour: Robe              |    31 |    29 ||    60
  Dodge: Dodged            |    46 |    54 ||   100

Levels and vault maps discovered:
D:1:      mushboom_english_gardens, layout_loops_cross, serial_forest,
          infiniplex_forest_straight_3, infiniplex_forest_straight_3,
          infiniplex_forest_clump_cross, infiniplex_forest_clump_small,
          infiniplex_forest_zigzag_1, infiniplex_forest_clump_diagonal,
          infiniplex_forest_end_3, infiniplex_forest_corner_1
D:2:      layout_basic
D:3:      layout_basic, nicolae_hepliaklqana_hippocampus, minivault_11,
          small_statue_intersection
D:4:      layout_basic, mainiacjoe_overflow_brackets,
          minmay_temple_entry_poolview, uniq_eustachio, uniq_blork_the_orc,
          uniq_pikel

Notes
Turn   | Place    | Note
-------+----------+-------------------------------------------
     0 | D:1      | mcwallace the Vampire Ice Elementalist began the quest for
                  | the Orb.
     0 | D:1      | Reached XP level 1. HP: 13/13 MP: 3/3
     0 | D:1      | magus.rc [v1.9.6]
   246 | D:1      | Reached XP level 2. HP: 16/16 MP: 5/5
   642 | D:1      | Reached skill level 1 in Fighting
   732 | D:1      | Gained mutation: You are afflicted with vampirism and can
                  | become a bat while bloodless. [Vampire growth]
   732 | D:1      | Reached XP level 3. HP: 17/20 MP: 6/6
   972 | D:2      | Learned a level 3 spell: Frozen Ramparts
  1329 | D:2      | Reached skill level 3 in Dodging
  1329 | D:2      | Reached XP level 4. HP: 22/25 MP: 7/7
  1370 | D:2      | Learned a level 3 spell: Ozocubu's Armour
  1552 | D:2      | You add the spells Sting, Poisonous Vapours and Olgreb's
                  | Toxic Radiance to your library.
  2127 | D:3      | HP: 4/25 [orc/+0 whip (4)]
  2239 | D:3      | Found a hazy altar of Hepliaklqana.
  2311 | D:3      | Reached skill level 4 in Stealth
  2311 | D:3      | Reached XP level 5. HP: 27/30 MP: 9/9
  2897 | D:4      | Noticed Pikel
  2897 | D:4      | Noticed a lemure
  2897 | D:4      | Noticed a lemure
  2897 | D:4      | Noticed a lemure
  2904 | D:4      | Noticed a lemure
  2905 | D:4      | Killed a lemure
  2907 | D:4      | Slain by Pikel

Vanquished Creatures
  A lemure (D:4)
  An orc priest (D:3)
  6 adders
  4 orcs (D:3)
  5 ball pythons
  8 endoplasms
  5 giant cockroaches
  6 goblins
  2 hobgoblins (D:1)
  9 jackals
  2 quokkas
  7 bats
  3 frilled lizards
  8 kobolds
  6 rats
73 creatures vanquished.

Table legend:
 A = Non-vault XP
 B = Vault XP
 C = Vault XP percentage of total XP
 D = Non-vault monster count
 E = Vault monster count
 F = Vault count percentage of total count
                 A         B        C        D         E       F
            +---------+---------+-------+---------+---------+-------
      Total |     233 |       0 |   0.0 |      72 |       0 |   0.0
            +---------+---------+-------+---------+---------+-------
        D:1 |      44 |       0 |   0.0 |      27 |       0 |   0.0
        D:2 |      85 |       0 |   0.0 |      23 |       0 |   0.0
        D:3 |     104 |       0 |   0.0 |      22 |       0 |   0.0
            +---------+---------+-------+---------+---------+-------

Skill      XL: |  1  2  3  4 |
---------------+-------------+-----
Fighting       | 1 |  1.8
Dodging        | 3 |  3.4
Stealth        | 4 |  4.2
Spellcasting   | |  2.8
Ice Magic      | |  4.6

Action                     |  1- 3 |  4- 6 || total
---------------------------+-------+-------++-------
  Melee: Dagger            |    88 |    83 ||   171
         Bite              |     6 |     5 ||    11
         Punch             |     1 |       ||     1
   Cast: Freeze            |     6 |     1 ||     7
         Frozen Ramparts   |       |     2 ||     2
Ability: Exsanguinate      |     1 |       ||     1
   Stab: Sleeping          |    19 |    14 ||    33
         Distracted        |       |     3 ||     3
 Armour: Robe              |    31 |    29 ||    60
  Dodge: Dodged            |    46 |    54 ||   100

Illustrated notes

Table legend:
 A = Kills in this place as a percentage of kills in the entire game.
 B = Kills by you in this place as a percentage of kills by you in the entire game.
 C = Kills by friends in this place as a percentage of kills by friends in the entire game.
 D = Other kills in this place as a percentage of other kills in the entire game.
 E = Experience gained in this place as a percentage of experience gained in the entire game.
 F = Experience gained in this place divided by the number of levels of this place that you have seen.
                   A       B       C       D       E      F
               +-------+-------+-------+-------+-------+----------------------
         Total | 100.0 | 100.0 |   N/A |   N/A | 100.0 |  58.2
       Dungeon | 100.0 | 100.0 |   N/A |   N/A | 100.0 |  58.2
               +-------+-------+-------+-------+-------+----------------------

Table legend: (Time is in decaauts)
 A = Elapsed time spent in this place.
 B = Non-inter-level travel time spent in this place.
 C = Inter-level travel time spent in this place.
 D = Time resting spent in this place.
 E = Time spent auto-exploring this place.
 F = Levels seen in this place.
 G = Mean time per level.
                   A        B        C        D        E       F      G
               +--------+--------+--------+--------+--------+-----+--------+
         Total |   2904 |   2838 |     66 |      3 |   2237 |   4 |  726.0 |
       Dungeon |   2904 |   2838 |     66 |      3 |   2237 |   4 |  726.0 |
               +--------+--------+--------+--------+--------+-----+--------+

Top non-repeatable levels by time:
     D:2: 1006 daAuts
     D:1: 949 daAuts
     D:3: 937 daAuts
     D:4: 10 daAuts
